 Dungeon Crawl Stone Soup version 0.31-a0-986-g5e6e4ef867 (webtiles) character file.

Game seed: 17359407985744259357

8 sammy202020 the Ruffian (level 2, 21/21 HPs)
             Began as a Demonspawn Shapeshifter on Nov 17, 2023.
             Quit the game on level 1 of the Dungeon.
             The game lasted 00:00:35 (506 turns).

sammy202020 the Ruffian (Demonspawn Shapeshifter)    Turns: 506, Time: 00:00:36

Health: 21/21      AC:  8    Str: 14    XL:     2   Next: 0%
Magic:  2/2        EV:  7    Int: 11    God:
Gold:   25         SH:  0    Dex: 12    Spells: 1/1 levels left

rFire   . .          .
                       - Unarmed
rCold   . . .        (no shield)
rNeg    . . .        e - +0 chain mail
rPois   .            (helmet currently unavailable)
rElec   .            (cloak currently unavailable)
rCorr   .            (gloves currently unavailable)
SInv    .            (boots currently unavailable)
Will    .....        (no amulet) Stlth
                     (no ring)
HPRegen 0.23/turn    (no ring)
MPRegen 0.08/turn

%: no passive effects
@: beast-form
A: beast (slay +1), demonic magic 1
a: Begin Untransformation


You were on level 1 of the Dungeon.
You were a hulking beast.
You visited 1 branch of the dungeon, and saw 1 of its levels.

You collected 25 gold pieces.

Inventory:

Armour
 a - a +0 animal skin
 e - a +0 chain mail (worn)
Talismans
 c - a beast talisman
 d - a flux talisman
Potions
 b - a potion of lignification
 f - a potion of degeneration {unknown}


   Skills:
 * Level 1.2 Fighting
 + Level 0.2 Armour
 + Level 1.9 Dodging
 * Level 2.8 Unarmed Combat
 * Level 2.8 Shapeshifting


You had one spell level left.
You didn't know any spells.
Your spell library was empty.

Dungeon Overview and Level Annotations

Branches:
Dungeon (1/15)

Altars:


Innate Abilities, Weirdness & Mutations

You are a hulking beast.
Your limbs bulge with bestial killing power. (Slay +1)
Spells you cast may paralyse adjacent enemies.


Message History

The kobold hits you with a +0 whip.
You closely miss the kobold. Your punch misses the kobold.
The kobold is moderately wounded.
The kobold hits you with a +0 whip.
You completely miss the kobold.
The kobold is moderately wounded.
The kobold hits you with a +0 whip.
You are too injured to fight recklessly!
You are too injured to fight recklessly!
You are too injured to fight recklessly!
You are too injured to fight recklessly!
You are too injured to fight recklessly!
You are too injured to fight recklessly!
You are too injured to fight recklessly!
You are too injured to fight recklessly!
You are too injured to fight recklessly!
You are too injured to fight recklessly!
You are too injured to fight recklessly!
You are too injured to fight recklessly!
A kobold is nearby!
A kobold is nearby!
You closely miss the kobold.
The kobold is moderately wounded.
The kobold barely misses you.
You barely miss the kobold.
The kobold is moderately wounded.
The kobold barely misses you.
You hit the kobold but do no damage. Your punch misses the kobold.
The kobold is moderately wounded.
The kobold hits you but does no damage.
You hit the kobold.
You kill the kobold!
You have reached level 2!
Your demonic ancestry asserts itself...
A menacing aura infuses your magic.
A frilled lizard comes into view.
The frilled lizard hisses angrily.
A frilled lizard is nearby!
Okay, then.
Are you sure you want to abandon this character and quit the game? (Confirm with "yes".)

#######.#.)..#.###.)......##
#.......#.#.##. ##....(..##
#.###..##.#.##. #.......'.
#..##.#.... #..)....##
#.....#### #.......#
##......# #.......##
#......# #.........
#.###..### #####..... #.#
#.h..# #..... #.. #....#
####.. .........# #..
..l.#.?..# #.. ...$.#....#
#.. ...# ##...# ### ...
+...# .. #...#


You could see a frilled lizard.

Vanquished Creatures
  A dart slug (D:1)
  An endoplasm (D:1)
  2 frilled lizards (D:1)
  3 kobolds (D:1)
7 creatures vanquished.

Notes
Turn   | Place    | Note
-------+----------+-------------------------------------------
     0 | D:1      | sammy202020 the Demonspawn Shapeshifter began the quest for
                  | the Orb.
     0 | D:1      | Reached XP level 1. HP: 15/15 MP: 1/1
   442 | D:1      | Gained mutation: Spells you cast may paralyse adjacent
                  | enemies. [demonic ancestry]
   442 | D:1      | Reached XP level 2. HP: 9/21 MP: 2/2
   506 | D:1      | Quit the game

Illustrated notes

Levels and vault maps discovered:
D:1:      eino_arrival_cavern_c, layout_basic

Action                     || total
---------------------------++-------
  Melee: Unarmed           ||    29
         Punch             ||     2
 Armour: Chain mail        ||    20
  Dodge: Dodged            ||     6

Table legend: (Time is in decaauts)
 A = Elapsed time spent in this place.
 B = Non-inter-level travel time spent in this place.
 C = Inter-level travel time spent in this place.
 D = Time resting spent in this place.
 E = Time spent auto-exploring this place.
 F = Levels seen in this place.
 G = Mean time per level.
                   A        B        C        D        E       F      G
               +--------+--------+--------+--------+--------+-----+--------+
         Total |    504 |    504 |      0 |      0 |    416 |   1 |  504.0 |
       Dungeon |    504 |    504 |      0 |      0 |    416 |   1 |  504.0 |
               +--------+--------+--------+--------+--------+-----+--------+

Top non-repeatable levels by time:
     D:1: 504 daAuts
